[Event "Titled Tuesday Blitz February 28 Early 2023"]
[White "Wagner, Dennis"]
[Black "Karttunen, Mika"]
[WhiteFideId "24650684"]
[BlackFideId "502081"]
[WhiteElo "2470"]
[BlackElo "2396"]
[Result "1-0"]
[Round "07"]
[TimeControl "180+2"]
[Date "2023.02.28"]
[WhiteClock "0:01:05"]
[BlackClock "0:00:02"]

1. d4 Nf6 2. Nf3 g6 3. c4 d5 4. cxd5 Nxd5 5. e4 Nb6 6. Nc3 Bg7 7. Be2 O-O 8. Be3 Nc6 9. O-O Bg4 10. d5 Ne5 11. Nxe5 Bxe2 12. Qxe2 Bxe5 13. Rad1 Qd7 14. f4 Bxc3 15. bxc3 Qa4 16. Rd4 Qa3 17. c4 c5 18. Rd3 Qb4 19. Rc1 Rac8 20. Rb3 Qa4 21. f5 Qd7 22. Bh6 Rfe8 23. Rg3 Qd6 24. e5 Qc7 25. e6 f6 26. fxg6 Qe5 27. Qxe5 fxe5 28. Rf1 hxg6 29. Rf7 Kh8 30. Bg7+ 1-0


[Site "https://www.chess.com"]

[Event "Titled Tuesday Blitz February 28 Early 2023"]
[White "Matinian, Nikita"]
[Black "Ingebretsen, Jens E"]
[WhiteFideId "24129100"]
[BlackFideId "1522965"]
[WhiteElo "2422"]
[BlackElo "2213"]
[Result "0-1"]
[Round "07"]
[TimeControl "180+2"]
[Date "2023.02.28"]
[WhiteClock "0:00:04"]
[BlackClock "0:00:16"]

1. e4 c5 2. Nf3 Nc6 3. Bb5 Nf6 4. Nc3 a6 5. Bxc6 dxc6 6. e5 Nd5 7. Ne4 e6 8. d3 Be7 9. h4 b6 10. Bg5 f6 11. exf6 gxf6 12. Bd2 Bb7 13. Qe2 Qd7 14. c4 Nb4 15. Bxb4 cxb4 16. d4 O-O-O 17. Rd1 Rhg8 18. O-O h6 19. Rfe1 Rde8 20. c5 b5 21. Qd2 h5 22. Qxb4 Rg4 23. Qb3 Kb8 24. a4 Reg8 25. Ng3 Bc8 26. axb5 cxb5 27. d5 Bxc5 28. dxe6 Qa7 29. Kf1 Bxf2 30. Re2 Bxg3 31. e7 Be5 32. Rxe5 fxe5 33. Rd8 Rxg2 34. Nd4 Rg1+ 35. Ke2 exd4 36. Qe6 d3+ 37. Kd2 Qf2+ 38. Kc3 Qc2+ 39. Kb4 Qxb2+ 40. Ka5 Qc3+ 41. Kb6 Qc7# 0-1


[Site "https://www.chess.com"]

[Event "Titled Tuesday Blitz February 28 Early 2023"]
[White "Subelj, Jan"]
[Black "Stijve, Theo"]
[WhiteFideId "14618583"]
[BlackFideId "1331132"]
[WhiteElo "2480"]
[BlackElo "2256"]
[Result "1-0"]
[Round "07"]
[TimeControl "180+2"]
[Date "2023.02.28"]
[WhiteClock "0:01:28"]
[BlackClock "0:00:13"]

1. e4 c5 2. Nf3 e6 3. g3 Nc6 4. Bg2 Nf6 5. Qe2 e5 6. O-O d6 7. d3 Bg4 8. c3 Qd7 9. Bg5 Be7 10. Nbd2 h6 11. Bxf6 Bxf6 12. Nc4 h5 13. Ne3 Ne7 14. Nxg4 hxg4 15. Nd2 Bg5 16. Nc4 b5 17. Ne3 Bxe3 18. fxe3 Qe6 19. Rf2 Rb8 20. Raf1 Qh6 21. Bh1 f6 22. Qxg4 Qxe3 23. Qxg7 Rg8 24. Qxf6 Qxd3 25. Qe6 Qc4 26. Qxd6 Rd8 27. Qxe5 Rd3 28. Bf3 Kd7 29. Be2 Rdxg3+ 30. hxg3 Qe6 31. Bxb5+ 1-0


[Site "https://www.chess.com"]

[Event "Titled Tuesday Blitz February 28 Early 2023"]
[White "Belozerov, Andrei"]
[Black "Borrmann, Laurenz"]
[WhiteFideId "4120213"]
[BlackFideId "312187930"]
[WhiteElo "2360"]
[BlackElo "2307"]
[Result "1-0"]
[Round "07"]
[TimeControl "180+2"]
[Date "2023.02.28"]
[WhiteClock "0:00:09"]
[BlackClock "0:00:01"]

1. e4 c6 2. d4 d5 3. exd5 cxd5 4. Bd3 Nc6 5. c3 g6 6. Bf4 f6 7. Nf3 Nh6 8. h4 Bg4 9. Qb3 Qd7 10. Nbd2 Bg7 11. O-O O-O 12. Rfe1 Nf7 13. Bg3 e5 14. dxe5 fxe5 15. Bb5 Rae8 16. c4 a6 17. cxd5 axb5 18. dxc6 bxc6 19. Rad1 Be6 20. Qc2 Bd5 21. Ne4 Nh6 22. Nc3 Rxf3 23. gxf3 Nf5 24. Nxd5 cxd5 25. Qb3 Nd4 26. Rxd4 exd4 27. Rxe8+ Qxe8 28. Qxd5+ Kh8 29. Kg2 h6 30. a3 Qe2 31. Bf4 Qxb2 32. Be5 Bxe5 33. Qxe5+ Kh7 34. Qe7+ Kg8 35. Qe6+ Kg7 36. Qe7+ Kg8 37. Qf6 Qxa3 38. Qxg6+ Kh8 39. Qxh6+ Kg8 40. Qg6+ Kh8 41. Qf6+ Kg8 42. Qg5+ Kh7 43. Qf5+ Kg7 44. Qg4+ Kh7 45. Qe4+ Kh6 46. Qc6+ Kh7 47. Qb7+ Kh6 48. Qb6+ Kh7 49. Qc7+ Kh8 50. Qd8+ Kh7 51. Qd7+ Kh6 52. Qxd4 b4 53. Qh8+ Kg6 54. h5+ Kf7 55. Qh7+ Kf8 56. Qh6+ Kf7 57. Qg6+ Kf8 58. Qf6+ Kg8 59. h6 Qc3 60. Qg6+ Kh8 61. f4 b3 62. f5 b2 63. f6 Qc6+ 64. Kg3 Qc7+ 65. f4 Qb7 66. f7 1-0


[Site "https://www.chess.com"]

[Event "Titled Tuesday Blitz February 28 Early 2023"]
[White "Starozhilov, Leonid"]
[Black "Kopczynski, Michal"]
[WhiteFideId "14106752"]
[BlackFideId "1124200"]
[WhiteElo "2414"]
[BlackElo "2212"]
[Result "1/2-1/2"]
[Round "07"]
[TimeControl "180+2"]
[Date "2023.02.28"]
[WhiteClock "0:00:10"]
[BlackClock "0:00:05"]

1. e4 c5 2. Nf3 d6 3. Bb5+ Nc6 4. O-O g6 5. c3 Bg7 6. d4 cxd4 7. cxd4 Bd7 8. Nc3 Nf6 9. h3 O-O 10. Bg5 a6 11. Ba4 b5 12. Bb3 b4 13. Nd5 Nxe4 14. Bh4 Nf6 15. Nxf6+ Bxf6 16. Bxf6 exf6 17. Qd2 Rc8 18. Rac1 a5 19. Qf4 Bf5 20. g4 Bd3 21. Rfe1 f5 22. Re3 Be4 23. d5 Bxf3 24. dxc6 fxg4 25. hxg4 Bxc6 26. g5 a4 27. Bd1 Re8 28. Bg4 Rxe3 29. fxe3 Bd7 30. Rxc8 Qxc8 31. Bxd7 Qxd7 32. Qxb4 Qe6 33. Kf2 Qf5+ 34. Ke1 Qxg5 35. Qxd6 Qxe3+ 36. Kd1 h5 37. Kc2 h4 38. Qd8+ Kg7 39. Qxh4 Qe2+ 40. Kc1 Qe6 41. Qd4+ Qf6 42. Qxa4 g5 43. Qc2 g4 44. a4 Qf4+ 45. Qd2 Qxa4 46. Qg5+ Kh7 47. Qh5+ Kg8 48. Qg5+ Kf8 49. Qd8+ Qe8 50. Qd6+ Kg7 51. Qd4+ Kf8 52. Qxg4 Qe3+ 53. Kc2 Qc5+ 54. Kd3 Ke7 55. Qe4+ Kd6 56. Qf4+ Ke6 57. b4 Qd5+ 58. Kc3 Qe5+ 59. Qd4 Qxd4+ 60. Kxd4 Kd6 61. Ke4 Kc6 62. Kf5 Kb5 63. Kf6 Kxb4 64. Kxf7 1/2-1/2


[Site "https://www.chess.com"]

[Event "Titled Tuesday Blitz February 28 Early 2023"]
[White "Florescu, Codrut-Constantin"]
[Black "Spata, German"]
[WhiteFideId "1202200"]
[BlackFideId "113026"]
[WhiteElo "2191"]
[BlackElo "2238"]
[Result "1-0"]
[Round "07"]
[TimeControl "180+2"]
[Date "2023.02.28"]
[WhiteClock "0:00:53"]
[BlackClock "0:00:27"]

1. e4 g6 2. d4 Bg7 3. Nc3 d6 4. Bg5 h6 5. Be3 a6 6. f3 b5 7. Qd2 Bb7 8. h4 Nd7 9. Nh3 c5 10. d5 Qa5 11. Be2 Nb6 12. O-O Nf6 13. g4 Nfd7 14. f4 Bxc3 15. bxc3 Na4 16. c4 Qxd2 17. Bxd2 b4 18. Bd3 a5 19. Rae1 Ba6 20. e5 O-O 21. e6 Ndb6 22. exf7+ Kxf7 23. f5 Bxc4 24. Bxh6 Bxd3 25. cxd3 Rh8 26. fxg6+ Ke8 27. g7 Rg8 28. Rf8+ Kd7 29. Rxa8 Nxa8 30. Rf1 N8b6 31. Rf8 Rxg7 32. Bxg7 Nxd5 33. h5 1-0


[Site "https://www.chess.com"]

[Event "Titled Tuesday Blitz February 28 Early 2023"]
[White "Md, Imran"]
[Black "Toncheva, Nadya"]
[WhiteFideId "25748580"]
[BlackFideId "2924056"]
[WhiteElo "2217"]
[BlackElo "2101"]
[Result "1-0"]
[Round "07"]
[TimeControl "180+2"]
[Date "2023.02.28"]
[WhiteClock "0:01:48"]
[BlackClock "0:01:28"]

1. d4 d5 2. Bf4 Nf6 3. Nf3 c5 4. e3 Nc6 5. Nbd2 Qb6 6. dxc5 Qxb2 7. Rb1 Qc3 8. Bb5 g6 9. O-O Bg7 10. Nb3 O-O 11. Bxc6 bxc6 12. Be5 Qc4 13. Qd4 Qxd4 14. exd4 Bf5 15. Na5 Bxc2 16. Nxc6 Bxb1 17. Nxe7+ Kh8 18. Rxb1 Rfe8 19. Bxf6 Bxf6 20. Nxd5 Rab8 21. Rc1 Bxd4 22. Nxd4 Red8 23. Nc6 1-0


[Site "https://www.chess.com"]

[Event "Titled Tuesday Blitz February 28 Early 2023"]
[White "Sernecki, Franciszek"]
[Black "Atakhan, Abtin"]
[WhiteFideId "1169297"]
[BlackFideId "22502203"]
[WhiteElo "2210"]
[BlackElo "2189"]
[Result "0-1"]
[Round "07"]
[TimeControl "180+2"]
[Date "2023.02.28"]
[WhiteClock "0:00:08"]
[BlackClock "0:00:13"]

1. c4 Nf6 2. Nc3 e5 3. g3 Bb4 4. Nd5 Nxd5 5. cxd5 c6 6. dxc6 Nxc6 7. Bg2 d5 8. a3 Bc5 9. b4 Bb6 10. Bb2 O-O 11. b5 Nd4 12. e3 Nxb5 13. Bxe5 Re8 14. Bb2 d4 15. Ne2 Bg4 16. h3 Bh5 17. g4 Bg6 18. O-O Qe7 19. Nf4 Rad8 20. Nxg6 hxg6 21. Qb3 Nd6 22. Bxd4 Bxd4 23. exd4 b6 24. d5 g5 25. Rfe1 Qxe1+ 26. Rxe1 Rxe1+ 27. Kh2 Re2 28. Qc3 Kf8 29. Bf3 Re7 30. Qb4 Ne8 31. a4 Rd6 32. Kg2 Red7 33. a5 bxa5 34. Qxa5 Nf6 35. Qb4 Kg8 36. Qb8+ Kh7 37. Qb1+ g6 38. Kg3 Nxd5 39. h4 gxh4+ 40. Kxh4 Nf4 41. Kg3 Ne6 42. Qh1+ Kg8 43. Bc6 Rd3+ 44. f3 R7d6 45. Be4 Rxd2 46. Qb1 Rd7 47. Qb8+ Kg7 48. Qb1 g5 49. Qa1+ f6 50. Bf5 Nf4 51. Qf1 Re7 52. Qh1 Rg2+ 53. Qxg2 Nxg2 54. Kxg2 a5 55. Bc2 Re2+ 0-1


[Site "https://www.chess.com"]

[Event "Titled Tuesday Blitz February 28 Early 2023"]
[White "Volkov, Maksim"]
[Black "Vagman, Roy"]
[WhiteFideId "54123070"]
[BlackFideId "2828995"]
[WhiteElo "2328"]
[BlackElo "2188"]
[Result "1-0"]
[Round "07"]
[TimeControl "180+2"]
[Date "2023.02.28"]
[WhiteClock "0:01:04"]
[BlackClock "0:00:06"]

1. d4 Nf6 2. c4 g6 3. g3 Bg7 4. Bg2 O-O 5. Nc3 d6 6. Nf3 Nc6 7. O-O e5 8. dxe5 Nxe5 9. b3 c6 10. Ba3 Nxf3+ 11. Bxf3 Ne8 12. Rc1 Qa5 13. Bb2 Bh3 14. Re1 Rd8 15. Qd2 Nc7 16. Red1 Ne6 17. e3 Ng5 18. Be2 Qf5 19. f4 Ne4 20. Qd3 Nxc3 21. Bxc3 Qxd3 22. Rxd3 Bxc3 23. Rcxc3 Bf5 24. Rd2 Be4 25. Kf2 f5 26. g4 Kf7 27. h4 Ke6 28. Rc1 c5 29. Rg1 Rg8 30. Rg3 Kf6 31. Rd1 b6 32. Rdg1 a6 33. gxf5 Bxf5 34. Bf3 b5 35. Rd1 Rge8 36. cxb5 axb5 37. Bc6 Re7 38. Bxb5 Ra7 39. Rd2 d5 40. Rg1 d4 41. Rgd1 dxe3+ 42. Kxe3 Re7+ 43. Kf2 Rxd2+ 44. Rxd2 Re4 45. Kf3 Rb4 46. Bc6 h5 47. Bd5 Bg4+ 48. Ke3 Rb8 49. a4 Re8+ 50. Kf2 Kf5 51. a5 Kxf4 52. a6 Re7 53. Bb7 g5 54. a7 Re8 55. a8=Q Rxa8 56. Bxa8 gxh4 57. Rd8 h3 58. Rf8+ Kg5 59. Kg3 h4+ 60. Kh2 Bf5 61. Bd5 Kf4 62. Be6 Kg5 63. Bxf5 c4 1-0


[Site "https://www.chess.com"]

[Event "Titled Tuesday Blitz February 28 Early 2023"]
[White "Alvarez Calzadilla, Jose Avelino"]
[Black "Grot, Blazej"]
[WhiteFideId "3526151"]
[BlackFideId "21835845"]
[WhiteElo "2310"]
[BlackElo "1823"]
[Result "1-0"]
[Round "07"]
[TimeControl "180+2"]
[Date "2023.02.28"]
[WhiteClock "0:00:26"]
[BlackClock "0:00:21"]

1. d4 Nf6 2. Nf3 g6 3. Bg5 Bg7 4. Nbd2 O-O 5. c3 d5 6. Bxf6 exf6 7. e3 f5 8. c4 c6 9. cxd5 cxd5 10. Be2 Nc6 11. O-O Re8 12. Rc1 Be6 13. Bb5 Rc8 14. Bxc6 Rxc6 15. Rxc6 bxc6 16. Nb3 Qb6 17. Qc2 Bf8 18. Rc1 Rc8 19. Nc5 Bxc5 20. dxc5 Qb4 21. Nd4 Kf8 22. a3 Qb7 23. b4 a5 24. Qc3 axb4 25. axb4 Kg8 26. h4 h5 27. Nf3 Rb8 28. Rb1 Qa6 29. Qe5 Rc8 30. Nd4 Re8 31. Qd6 Qa2 32. Rf1 Qa4 33. Nxc6 d4 34. Nxd4 Bc4 35. Rb1 Bd3 36. Rc1 Qxb4 37. Qf6 Qb2 38. Rd1 Bc2 39. Re1 Qc3 40. Rc1 Rxe3 41. Qd8+ Kg7 42. Nxc2 Rd3 43. Qg5 Rd2 44. Qe3 Rd3 45. Qe1 Qxc5 46. Nb4 1-0


[Site "https://www.chess.com"]

[Event "Titled Tuesday Blitz February 28 Early 2023"]
[White "Fiedorek, Michal"]
[Black "Diaz Perez, Michel Alejandro"]
[WhiteFideId "1199528"]
[BlackFideId "3517179"]
[WhiteElo "2135"]
[BlackElo "2333"]
[Result "0-1"]
[Round "07"]
[TimeControl "180+2"]
[Date "2023.02.28"]
[WhiteClock "0:00:03"]
[BlackClock "0:00:12"]

1. e4 c6 2. d4 d5 3. exd5 cxd5 4. Nf3 Nc6 5. Ne5 Nxe5 6. dxe5 e6 7. Bd3 Ne7 8. O-O Nc6 9. Re1 Bc5 10. Nd2 Qh4 11. Qf3 Nd4 12. Qg3 Qxg3 13. hxg3 Bd7 14. c3 Nc6 15. Nb3 Bb6 16. Bd2 h5 17. c4 dxc4 18. Bxc4 O-O-O 19. Bg5 Rde8 20. Rac1 Kb8 21. Bf1 Ne7 22. Red1 Bc6 23. Nc5 Nd5 24. a3 f6 25. exf6 gxf6 26. Bh4 a5 27. b4 axb4 28. axb4 Nxb4 29. Bxf6 Rhf8 30. Be5+ Kc8 31. Nd7 Bxf2+ 32. Kh2 Rf5 33. Rc4 Nd5 34. Nf6 Rxf6 35. Rxc6+ bxc6 36. Ba6+ Kd7 37. Bxf6 Rg8 38. Be5 Rg5 39. Bb8 e5 40. Rb1 Bxg3+ 41. Kh3 h4 42. Rb7+ Ke6 43. Bc4 Kf6 44. Bxd5 cxd5 45. Rb6+ Kf5 46. Rd6 d4 47. Rd8 Rg6 48. Bd6 e4 49. Be7 d3 50. Rf8+ Ke6 51. Bxh4 Bxh4 52. Kxh4 d2 53. Rd8 e3 54. g4 Ke7 55. Rd3 Rd6 56. Rxe3+ Kf7 57. Rf3+ Kg6 58. Rf1 d1=Q 59. Rxd1 Rxd1 0-1


[Site "https://www.chess.com"]

[Event "Titled Tuesday Blitz February 28 Early 2023"]
[White "Koridze, Lile"]
[Black "Ambartsumova, Karina"]
[WhiteFideId "13612514"]
[BlackFideId "4166299"]
[WhiteElo "2047"]
[BlackElo "2319"]
[Result "1-0"]
[Round "07"]
[TimeControl "180+2"]
[Date "2023.02.28"]
[WhiteClock "0:00:41"]
[BlackClock "0:00:03"]

1. d4 Nf6 2. c4 g6 3. Nc3 Bg7 4. e4 d6 5. Nf3 O-O 6. Be2 Na6 7. O-O c5 8. d5 Nc7 9. h3 a6 10. Bf4 b5 11. a3 b4 12. axb4 cxb4 13. Na4 Nxe4 14. Qc2 Nf6 15. Bd3 e5 16. dxe6 Bxe6 17. Rad1 Nce8 18. c5 Nd5 19. Bg5 f6 20. Bh4 dxc5 21. Nxc5 Bf7 22. Bxa6 Nec7 23. Bc4 Qe7 24. Nb3 Rad8 25. Nfd4 Qd6 26. Bg3 Qb6 27. Rfe1 f5 28. Nf3 Nb5 29. Ne5 Bxe5 30. Bxe5 Rc8 31. Qd3 Nbc7 32. Bxc7 Nxc7 33. Bxf7+ Rxf7 34. Qc4 Qb7 35. Rd7 Rf8 36. Ree7 Qb5 37. Qxc7 Rxe7 38. Rxe7 1-0


[Site "https://www.chess.com"]

[Event "Titled Tuesday Blitz February 28 Early 2023"]
[White "Arabidze, Meri"]
[Black "Nugumanov, Bakhtiyar"]
[WhiteFideId "13604040"]
[BlackFideId "13701797"]
[WhiteElo "2405"]
[BlackElo "2209"]
[Result "1-0"]
[Round "07"]
[TimeControl "180+2"]
[Date "2023.02.28"]
[WhiteClock "0:01:14"]
[BlackClock "0:00:28"]

1. d4 Nf6 2. Nf3 g6 3. g3 Bg7 4. Bg2 O-O 5. O-O d5 6. b3 b6 7. Bb2 Bb7 8. c4 e6 9. cxd5 exd5 10. Nbd2 Nbd7 11. Rc1 Ne4 12. e3 c5 13. Qc2 Rc8 14. dxc5 bxc5 15. Bxg7 Kxg7 16. Nxe4 dxe4 17. Nd2 f5 18. Nc4 Qf6 19. Rfd1 Nb6 20. Nd6 Rc7 21. Nb5 Re7 22. Qxc5 Rc8 23. Qa3 Rxc1 24. Rxc1 Rd7 25. Qxa7 Qb2 26. Rf1 Nd5 27. Qd4+ Qxd4 28. Nxd4 Nc3 29. Ra1 Ba6 30. Bf1 Bxf1 31. Kxf1 Kf6 1-0


[Site "https://www.chess.com"]

[Event "Titled Tuesday Blitz February 28 Early 2023"]
[White "Lagno, Kateryna"]
[Black "Jovic, Stanoje"]
[WhiteFideId "14109336"]
[BlackFideId "905020"]
[WhiteElo "2508"]
[BlackElo "2236"]
[Result "1-0"]
[Round "07"]
[TimeControl "180+2"]
[Date "2023.02.28"]
[WhiteClock "0:01:03"]
[BlackClock "0:00:01"]

1. e4 c6 2. d4 d5 3. e5 c5 4. Nf3 Nc6 5. dxc5 Bg4 6. Bb5 Qa5+ 7. Nc3 e6 8. Be3 Ne7 9. a3 Nf5 10. b4 Qc7 11. Bd4 Bxf3 12. gxf3 Be7 13. Ne2 O-O 14. Bxc6 Qxc6 15. Qd3 a6 16. c3 f6 17. Rg1 fxe5 18. Bxe5 Bf6 19. f4 Qa4 20. Kd2 a5 21. Nd4 Nxd4 22. Qxd4 Kh8 23. Rxg7 Kxg7 24. Rg1+ Kf7 25. Bxf6 Rg8 26. Bg5 Qd7 27. Qf6+ Ke8 28. Re1 Ra6 29. b5 Rf8 30. Qh6 d4 31. c4 1-0


[Site "https://www.chess.com"]

[Event "Titled Tuesday Blitz February 28 Early 2023"]
[White "Romero Barreto, Jaime Jose"]
[Black "Maximov, Dmitry"]
[WhiteFideId "3902498"]
[BlackFideId "14105659"]
[WhiteElo "2313"]
[BlackElo "2494"]
[Result "1-0"]
[Round "07"]
[TimeControl "180+2"]
[Date "2023.02.28"]
[WhiteClock "0:02:44"]
[BlackClock "0:02:57"]

1. e4 c5 2. Nf3 d6 3. d4 cxd4 4. Nxd4 Nf6 5. f3 e6 6. c4 Be7 7. Nc3 O-O 8. Be3 Nc6 9. Be2 d5 10. Nxc6 b6 11. Nxd8 1-0


[Site "https://www.chess.com"]

[Event "Titled Tuesday Blitz February 28 Early 2023"]
[White "Yurasova, Daria"]
[Black "Pakleza, Zbigniew"]
[WhiteFideId "34146919"]
[BlackFideId "1119290"]
[WhiteElo "2134"]
[BlackElo "2410"]
[Result "0-1"]
[Round "07"]
[TimeControl "180+2"]
[Date "2023.02.28"]
[WhiteClock "0:00:06"]
[BlackClock "0:00:09"]

1. d4 c5 2. dxc5 e6 3. e3 Bxc5 4. Nf3 Nf6 5. Be2 d5 6. O-O O-O 7. a3 Be7 8. c4 Qc7 9. Nbd2 Rd8 10. Qc2 Nbd7 11. b4 a5 12. b5 a4 13. Bb2 b6 14. Rac1 Bb7 15. cxd5 Qxc2 16. Rxc2 Bxd5 17. Rfc1 h6 18. h3 Nc5 19. Bc4 Nb3 20. Bxd5 Nxd5 21. Nxb3 axb3 22. Rd2 Rdc8 23. Rxc8+ Rxc8 24. Nd4 Rc4 25. Nxb3 Nc7 26. Nd4 Bf6 27. Kf1 Bxd4 28. Rxd4 Rc2 29. Rb4 Nd5 30. Rb3 f5 31. Bd4 Kf7 32. g3 g5 33. h4 Ke7 34. hxg5 hxg5 35. a4 Ra2 36. Rb1 Rxa4 37. Ke2 Kd6 38. Kf3 g4+ 39. Kg2 e5 40. Ba1 Ke6 41. Rc1 Ne7 42. Rb1 Ra5 43. Bc3 Ra2 44. Rh1 Nd5 45. Rh6+ Kf7 46. Bxe5 Nxe3+ 47. Kg1 Nc4 48. Bd4 Rd2 49. Be3 Rb2 50. Rh7+ Ke6 51. Rc7 Rb1+ 52. Kg2 Nxe3+ 53. fxe3 Rb2+ 54. Kf1 Rxb5 55. Rc6+ Ke5 56. Ke2 Rb2+ 57. Kd3 b5 58. Rc5+ Kf6 59. Rc6+ Kg5 60. Rc5 b4 61. e4 Rb3+ 62. Ke2 Rxg3 63. Rxf5+ Kg6 64. Rb5 b3 65. Kf2 Rf3+ 66. Kg2 Kf6 67. Rb8 Re3 68. Kf2 Rc3 69. Rb5 Kg6 70. Kg2 Kh6 71. Kf2 Kg6 72. Kg2 g3 73. Rb6+ Kg5 74. Rb5+ Kf4 75. e5 Rc2+ 76. Kg1 b2 77. Rb4+ Kf3 78. Rb3+ Kg4 79. Rb4+ Kh3 80. Rb3 Rc1# 0-1


[Site "https://www.chess.com"]

[Event "Titled Tuesday Blitz February 28 Early 2023"]
[White "Golubka, Petro"]
[Black "Real_taiatai"]
[WhiteFideId "14114224"]
[WhiteElo "2404"]
[BlackElo "2515"]
[Result "0-1"]
[Round "07"]
[TimeControl "180+2"]
[Date "2023.02.28"]
[WhiteClock "0:01:49"]
[BlackClock "0:00:18"]

1. e4 c5 2. b4 cxb4 3. a3 d5 4. e5 Nc6 5. axb4 Nxe5 6. d4 Nc4 7. Nc3 Nf6 8. Bg5 e6 9. Bxc4 dxc4 10. b5 Bb4 11. Ne2 h6 12. Bxf6 Qxf6 13. O-O O-O 14. Ra4 a5 15. bxa6 Bd6 16. a7 Bd7 17. Rxc4 Rxa7 18. d5 b5 19. Ne4 Bxh2+ 20. Kxh2 Qh4+ 21. Kg1 bxc4 22. Qd4 Ra5 23. g3 Qe7 24. d6 Qd8 25. N2c3 Qc8 26. Rb1 Qc6 27. Rb6 Qa8 28. f3 Rc8 29. g4 Ra1+ 30. Kf2 Rc1 31. Qd2 Qa1 32. Rb7 Rh1 33. Ke3 Qg1+ 34. Qf2 Qc1+ 35. Kd4 Bc6 36. Rc7 Rxc7 37. dxc7 Bd7 38. Ke5 Qa3 39. Nc5 Qxc3+ 40. Kd6 Bc8 41. Ne4 Rd1+ 42. Ke7 Qb4+ 43. Qc5 Qxc5+ 44. Nxc5 e5 45. Ne4 Rd7+ 46. Ke8 Rxc7 47. Kd8 Rc6 48. c3 f5 49. gxf5 Bxf5 50. Ng3 Be6 51. Nf1 Kf7 52. Ne3 Rc8# 0-1


[Site "https://www.chess.com"]

[Event "Titled Tuesday Blitz February 28 Early 2023"]
[White "Goltsev, Dmitry"]
[Black "Berkes, Ferenc"]
[WhiteFideId "24176710"]
[BlackFideId "718572"]
[WhiteElo "2302"]
[BlackElo "2664"]
[Result "1-0"]
[Round "07"]
[TimeControl "180+2"]
[Date "2023.02.28"]
[WhiteClock "0:01:47"]
[BlackClock "0:00:05"]

1. e4 e6 2. d4 d5 3. exd5 exd5 4. Nf3 Nf6 5. c4 Be7 6. Nc3 O-O 7. Bd3 dxc4 8. Bxc4 Nbd7 9. O-O Nb6 10. Bb3 c6 11. Qd3 Bg4 12. Bg5 Bh5 13. Ne5 Nfd5 14. Bd2 f6 15. Bc2 g6 16. g4 fxe5 17. gxh5 Nb4 18. Bb3+ Kh8 19. Qg3 exd4 20. hxg6 Bf6 21. Ne4 N4d5 22. Kh1 Qe7 23. Rae1 Qg7 24. gxh7 Qxg3 25. fxg3 Kxh7 26. Nd6 Ne3 27. Bxe3 dxe3 28. Rxe3 Bg5 29. Bc2+ Kh8 30. Ref3 Rxf3 31. Rxf3 Bc1 32. Rf7 Bxb2 33. Rh7+ Kg8 34. Rxb7 c5 35. Bb3+ Kh8 36. h4 Bd4 37. Be6 c4 38. Bxc4 Nxc4 39. Nxc4 Rc8 40. Nd6 Rc2 41. h5 Rxa2 42. g4 Ra5 43. g5 Bb6 44. h6 Rd5 45. Nf7+ Kg8 46. g6 1-0


[Site "https://www.chess.com"]

[Event "Titled Tuesday Blitz February 28 Early 2023"]
[White "Iskusnyh, Sergei"]
[Black "Nguyen Hong Nhung"]
[WhiteFideId "4120027"]
[BlackFideId "12412201"]
[WhiteElo "2492"]
[BlackElo "1904"]
[Result "1-0"]
[Round "07"]
[TimeControl "180+2"]
[Date "2023.02.28"]
[WhiteClock "0:00:03"]
[BlackClock "0:00:02"]

1. d4 Nf6 2. c4 c5 3. d5 b5 4. cxb5 a6 5. e3 g6 6. Nc3 Bg7 7. a4 O-O 8. e4 Bb7 9. Bg5 d6 10. Nf3 Qa5 11. Nd2 e6 12. Nc4 Qc7 13. dxe6 Nxe4 14. Nxe4 Bxe4 15. Qxd6 Qb7 16. e7 Re8 17. f3 Bf5 18. Be2 axb5 19. Ne3 Ra6 20. Qd8 Bd7 21. O-O Nc6 22. axb5 Nxd8 23. bxa6 Qa7 24. exd8=Q Rxd8 25. Bxd8 c4 26. Kh1 Bxb2 27. Nxc4 Bxa1 28. Rxa1 Qd4 29. Rd1 Qa7 30. Bb6 Qa8 31. Rxd7 Qc6 32. Rd8+ Kg7 33. Bd4+ Kh6 34. a7 Qb7 35. Be3+ g5 36. a8=Q Qb1+ 37. Bg1 f6 38. Rg8 Kh5 39. Qf8 Kh4 40. Qh6# 1-0


[Site "https://www.chess.com"]

[Event "Titled Tuesday Blitz February 28 Early 2023"]
[White "Comas Fabrego, Lluis"]
[Black "Yaniuk, Volodymyr"]
[WhiteFideId "2200325"]
[BlackFideId "14133083"]
[WhiteElo "2523"]
[BlackElo "2141"]
[Result "0-1"]
[Round "07"]
[TimeControl "180+2"]
[Date "2023.02.28"]
[WhiteClock "0:00:01"]
[BlackClock "0:00:07"]

1. e4 e5 2. Nf3 Nc6 3. Bb5 a6 4. Ba4 Nf6 5. O-O Be7 6. d3 b5 7. Bb3 Bb7 8. a4 O-O 9. Nc3 b4 10. Nd5 d6 11. Nxe7+ Nxe7 12. Bg5 Ng6 13. Nh4 Nxh4 14. Bxh4 h6 15. Qc1 g5 16. Bg3 Nh5 17. Qd2 a5 18. c3 bxc3 19. bxc3 Kg7 20. Rab1 Bc6 21. Qe2 Kg6 22. d4 f6 23. Be6 Ng7 24. Bb3 Qd7 25. Rfd1 Qe7 26. Bc2 Rfb8 27. Qc4 Be8 28. h4 Nh5 29. hxg5 hxg5 30. Qg8+ Qg7 31. Qc4 Qe7 32. Qe2 Nxg3 33. fxg3 Kg7 34. Bb3 Bf7 35. Bxf7 Qxf7 36. Kf2 Qd7 37. Rb5 c6 38. Rbb1 Qc7 39. Rh1 Rh8 40. Rxh8 Rxh8 41. Qb2 Rd8 42. Qb7 Rd7 43. Qa8 Qd8 44. Qxa5 Qxa5 0-1


[Site "https://www.chess.com"]

[Event "Titled Tuesday Blitz February 28 Early 2023"]
[White "Rosen, Eric"]
[Black "Sokac, Marko"]
[WhiteFideId "2032562"]
[BlackFideId "14531356"]
[WhiteElo "2359"]
[BlackElo "2355"]
[Result "0-1"]
[Round "07"]
[TimeControl "180+2"]
[Date "2023.02.28"]
[WhiteClock "0:00:01"]
[BlackClock "0:00:07"]

1. e4 d6 2. d4 Nf6 3. Nc3 c6 4. a4 a5 5. f4 Qc7 6. Nf3 Bg4 7. Bd3 Nbd7 8. e5 Nd5 9. O-O e6 10. h3 Bxf3 11. Qxf3 g6 12. f5 gxf5 13. Ne4 dxe5 14. Ng5 exd4 15. c4 dxc3 16. bxc3 Ne5 17. Qg3 Nxd3 18. Qxd3 O-O-O 19. c4 Bc5+ 20. Kh1 Ne3 21. Qe2 Nxf1 22. Qxf1 h6 23. Nf3 Qg3 24. Rb1 Rhg8 25. Rb2 f4 26. Bd2 f6 27. Be1 Qg6 28. Bxa5 Qd3 29. Qxd3 Rxd3 30. Bd2 e5 31. Nh4 Rgd8 32. Be1 Rd1 33. Re2 R8d3 34. Kh2 Re3 35. Rxe3 fxe3 36. Nf3 e4 37. Bc3 exf3 38. gxf3 e2 39. Kg3 e1=Q+ 40. Bxe1 Rxe1 41. a5 Ra1 42. a6 Rxa6 43. Kh4 Ra3 44. f4 Ra4 45. f5 Rxc4+ 46. Kh5 Bf2 47. Kg6 Rh4 48. Kxf6 Rxh3 49. Ke6 Rf3 50. f6 b5 51. Ke7 b4 52. f7 b3 53. Ke6 b2 54. Ke7 b1=Q 55. f8=Q+ Rxf8 56. Kd6 Qd3+ 57. Ke7 Qd7+ 58. Kxf8 Bc5+ 59. Kg8 Kd8 60. Kh8 Bd4+ 61. Kg8 Qg7# 0-1


[Site "https://www.chess.com"]

[Event "Titled Tuesday Blitz February 28 Early 2023"]
[White "Golubev, Mikhail"]
[Black "Skvortsov, Andrei"]
[WhiteFideId "14100983"]
[BlackFideId "24108600"]
[WhiteElo "2374"]
[BlackElo "2259"]
[Result "0-1"]
[Round "07"]
[TimeControl "180+2"]
[Date "2023.02.28"]
[WhiteClock "0:00:01"]
[BlackClock "0:00:23"]

1. e4 d5 2. exd5 Qxd5 3. Nf3 Bg4 4. Be2 Nc6 5. d4 Nf6 6. c4 Qd7 7. Nc3 e6 8. Be3 O-O-O 9. O-O Bxf3 10. Bxf3 Nxd4 11. Bxd4 Qxd4 12. Qa4 Bc5 13. Nb5 Qe5 14. Nxa7+ Bxa7 15. Qxa7 c6 16. b4 Qd4 17. Qa4 Kc7 18. Qa5+ Qb6 19. Qe5+ Kc8 20. b5 c5 21. a4 Qc7 22. Qg5 Rhg8 23. a5 h6 24. Qe3 Rd4 25. a6 bxa6 26. bxa6 Ng4 27. Bxg4 Rxg4 28. a7 Kd7 29. h3 Rd4 30. a8=Q Rxa8 0-1


[Site "https://www.chess.com"]